NWL (28 & UNDER)
BISMARCK BARONS @ CULVER CITY EXTRAS
05/27/2023
 
TOP OF THE 1ST
Bismarck Barons batting - Pitching for Culver City Extras : RHP Vincent Cox
Pitching: RHP Vincent Cox
Batting: RHB Miguel Hernández 0-0: Swinging Strike
0-1: Ball
1-1: Called Strike
1-2: Strikes out swinging
Batting: RHB Paul Ladd 0-0: Ball
1-0: Ball
2-0: Ball
3-0: Called Strike
3-1: Fly out, F9 (Line Drive, 9M)
Batting: RHB Nobuharu Hoshino 0-0: Ball
1-0: Fly out, F7 (Flyball, 7S)
Top of the 1st over - 0 run(s), 0 hit(s), 0 error(s), 0 left on base; Bismarck 0 - Culver City 0
BOTTOM OF THE 1ST
Culver City Extras batting - Pitching for Bismarck Barons : RHP Pedro Lara
Pitching: RHP Pedro Lara
Batting: LHB Alan Olson 0-0: Ball
1-0: Ball
2-0: Ball
3-0: Called Strike
3-1: Fly out, F7 (Flyball, 7LMF)
Batting: RHB Sergio Pujols 0-0: SINGLE (Line Drive, 7S)
Batting: RHB Marvin Workman 0-0: Called Strike
0-1: Ball
1-1: Grounds into double play, 4-6-3 (Groundball, 4)
Bottom of the 1st over - 0 run(s), 1 hit(s), 0 error(s), 0 left on base; Bismarck 0 - Culver City 0
TOP OF THE 2ND
Bismarck Barons batting - Pitching for Culver City Extras : RHP Vincent Cox
Batting: RHB Jorge Espinosa Reached via error on a dropped throw, E1
Batting: SHB Lester Olsen 0-0: Ball
1-0: Ball
2-0: Called Strike
2-1: Ball
3-1: Fly out, F3 (Popup, 34S)
Batting: RHB Kiyomitsu Shinoda 0-0: Called Strike
0-1: Swinging Strike
0-2: Foul Ball, location: 2F
0-2: Foul Ball, location: 2F
0-2: Ball
1-2: Ball
2-2: Strikes out swinging
Batting: RHB Jack Bailey 0-0: Ball
1-0: Foul Ball, location: 2F
1-1: Called Strike
1-2: Foul Ball, location: 2F
1-2: Ball
2-2: Ground out 4-3 (Groundball, 4)
Top of the 2nd over - 0 run(s), 0 hit(s), 1 error(s), 1 left on base; Bismarck 0 - Culver City 0
BOTTOM OF THE 2ND
Culver City Extras batting - Pitching for Bismarck Barons : RHP Pedro Lara
Batting: LHB Ronaldo Gois 0-0: Foul Ball, location: 2F
0-1: Ball
1-1: Called Strike
1-2: DOUBLE (Flyball, 8RM)
Batting: RHB Ricardo Cabrera 0-0: Ground out 6-3 (Groundball, 6)
Ronaldo Gois to third
Batting: RHB Salvador Medine 0-0: Swinging Strike
0-1: Ground out U3 (Groundball, 3)
Batting: RHB Armando Pagán 0-0: Fly out, F9 (Line Drive, 89XD)
Bottom of the 2nd over - 0 run(s), 1 hit(s), 0 error(s), 1 left on base; Bismarck 0 - Culver City 0
TOP OF THE 3RD
Bismarck Barons batting - Pitching for Culver City Extras : RHP Vincent Cox
Batting: RHB Ed Terry 0-0: Called Strike
0-1: Ball
1-1: Ball
2-1: Swinging Strike
2-2: SINGLE (Groundball, 6MD)
Batting: SHB Chris Griffith 0-0: Called Strike
0-1: Swinging Strike
0-2: Strikes out looking
Batting: RHB Miguel Hernández 0-0: Ball
1-0: Fly out, F9 (Flyball, 9D)
Batting: RHB Paul Ladd 0-0: Fly out, F7 (Line Drive, 7S)
Top of the 3rd over - 0 run(s), 1 hit(s), 0 error(s), 1 left on base; Bismarck 0 - Culver City 0
BOTTOM OF THE 3RD
Culver City Extras batting - Pitching for Bismarck Barons : RHP Pedro Lara
Batting: RHB José Toro 0-0: Ball
1-0: Called Strike
1-1: Called Strike
1-2: Ball
2-2: Ball
3-2: Foul Ball, location: 2F
3-2: Strikes out looking
Batting: RHB Francisco Rodríguez 0-0: Fly out, F8 (Line Drive, 8LM)
Batting: LHB Alan Olson 0-0: Ball
1-0: Ball
2-0: Ball
3-0: Base on Balls
Batting: RHB Sergio Pujols 0-0: Called Strike
0-1: Ball
Passed Ball!
Alan Olson to second
1-1: Swinging Strike
1-2: Ball
2-2: Fly out, F9 (Flyball, 9S)
Bottom of the 3rd over - 0 run(s), 0 hit(s), 0 error(s), 1 left on base; Bismarck 0 - Culver City 0
TOP OF THE 4TH
Bismarck Barons batting - Pitching for Culver City Extras : RHP Vincent Cox
Batting: RHB Nobuharu Hoshino 0-0: Foul Ball, location: 2F
0-1: Ball
1-1: Foul Ball, location: 2F
1-2: Strikes out swinging
Batting: RHB Jorge Espinosa 0-0: Ground out 5-3 (Groundball, 5S)
Batting: SHB Lester Olsen 0-0: Foul Ball, location: 2F
0-1: Called Strike
0-2: Ball
1-2: Ball
2-2: SINGLE (Groundball, 4M)
Batting: RHB Kiyomitsu Shinoda 0-0: Swinging Strike
0-1: Ball
1-1: Ball
2-1: Foul Ball, location: 2F
2-2: Ball
3-2: Ground out 6-3 (Groundball, 6MS)
Top of the 4th over - 0 run(s), 1 hit(s), 0 error(s), 1 left on base; Bismarck 0 - Culver City 0
BOTTOM OF THE 4TH
Culver City Extras batting - Pitching for Bismarck Barons : RHP Pedro Lara
Batting: RHB Marvin Workman 0-0: Ball
1-0: Called Strike
1-1: Fly out, F3 (Popup, 3F)
Batting: LHB Ronaldo Gois 0-0: Ball
1-0: Ball
2-0: Called Strike
2-1: Foul Ball, location: 2F
2-2: Foul Ball, location: 2F
2-2: Ball
3-2: Base on Balls
Batting: RHB Ricardo Cabrera 0-0: Called Strike
0-1: Ball
1-1: Ball
2-1: Grounds into double play, 5-4-3 (Groundball, 56)
Bottom of the 4th over - 0 run(s), 0 hit(s), 0 error(s), 0 left on base; Bismarck 0 - Culver City 0
TOP OF THE 5TH
Bismarck Barons batting - Pitching for Culver City Extras : RHP Vincent Cox
Batting: RHB Jack Bailey 0-0: Called Strike
0-1: Ball
1-1: Ball
2-1: Fly out, F9 (Flyball, 89S)
Batting: RHB Ed Terry 0-0: Called Strike
0-1: Foul Ball, location: 2F
0-2: Ball
1-2: Foul Ball, location: 2F
1-2: SINGLE (Line Drive, 7S)
Batting: SHB Chris Griffith 0-0: Ball
1-0: Foul Ball, location: 2F
1-1: Ball
2-1: Ball
3-1: Called Strike
3-2: Base on Balls
Ed Terry to second
Batting: RHB Miguel Hernández 0-0: Ball
1-0: Called Strike
1-1: Called Strike
1-2: Ball
2-2: Ball
3-2: Base on Balls
Ed Terry to third
Chris Griffith to second
Batting: RHB Paul Ladd 0-0: Ball
1-0: Ball
2-0: Ball
3-0: Base on Balls
Ed Terry scores
Chris Griffith to third
Miguel Hernández to second
Batting: RHB Nobuharu Hoshino 0-0: Hit by Pitch
Chris Griffith scores
Miguel Hernández to third
Paul Ladd to second
Batting: RHB Jorge Espinosa 0-0: Foul Ball, location: 2F
0-1: Grounds into double play, 6-4-3 (Groundball, 56)
Top of the 5th over - 2 run(s), 1 hit(s), 0 error(s), 2 left on base; Bismarck 2 - Culver City 0
BOTTOM OF THE 5TH
Culver City Extras batting - Pitching for Bismarck Barons : RHP Pedro Lara
Batting: RHB Salvador Medine 0-0: Ball
1-0: Foul Ball, location: 2F
1-1: Foul Ball, location: 2F
1-2: SINGLE (Line Drive, 9S)
Batting: RHB Armando Pagán 0-0: Fly out, F9 (Flyball, 89M)
Batting: RHB José Toro 0-0: Called Strike
0-1: Called Strike
0-2: Ball
1-2: Strikes out swinging
Batting: RHB Francisco Rodríguez Pickoff Throw to First - Out!
Bottom of the 5th over - 0 run(s), 1 hit(s), 0 error(s), 0 left on base; Bismarck 2 - Culver City 0
TOP OF THE 6TH
Bismarck Barons batting - Pitching for Culver City Extras : RHP Vincent Cox
Batting: SHB Lester Olsen 0-0: Fly out, F6 (Popup, 6M)
Batting: RHB Kiyomitsu Shinoda 0-0: Called Strike
0-1: Ball
1-1: Ball
2-1: Ball
3-1: Foul Ball, location: 2F
3-2: Foul Ball, location: 2F
3-2: Foul Ball, location: 2F
3-2: Fly out, F9 (Flyball, 89S)
Batting: RHB Jack Bailey 0-0: Ball
1-0: Ball
2-0: Called Strike
2-1: Called Strike
2-2: Ball
3-2: Strikes out looking
Top of the 6th over - 0 run(s), 0 hit(s), 0 error(s), 0 left on base; Bismarck 2 - Culver City 0
BOTTOM OF THE 6TH
Culver City Extras batting - Pitching for Bismarck Barons : RHP Pedro Lara
Batting: RHB Francisco Rodríguez 0-0: Ball
1-0: Swinging Strike
1-1: DOUBLE (Flyball, 7M)
Batting: LHB Alan Olson 0-0: Called Strike
0-1: SINGLE (Line Drive, 6D)
Francisco Rodríguez to third
Runner from 3rd tries for Home, SAFE, no throw or cutoff
Batting: RHB Sergio Pujols 0-0: Called Strike
Alan Olson steals 2nd base
0-1: Ball
1-1: Ball
2-1: Called Strike
2-2: SINGLE (Line Drive, 34D)
Alan Olson to third
Batting: RHB Marvin Workman 0-0: 3-RUN HOME RUN (Flyball, 89XD), Distance : 434 ft
Batting: LHB Ronaldo Gois 0-0: Foul Ball, location: 2F
0-1: Swinging Strike
0-2: Ball
1-2: Foul Ball, location: 2F
1-2: Foul Ball, location: 2F
1-2: Strikes out swinging
Batting: RHB Ricardo Cabrera 0-0: Called Strike
0-1: Ball
1-1: Ball
2-1: Swinging Strike
2-2: Ball
3-2: Base on Balls
Batting: RHB Salvador Medine 0-0: Called Strike
0-1: Swinging Strike
0-2: Ball
1-2: Strikes out looking
Batting: RHB Armando Pagán 0-0: Foul Ball, location: 2F
0-1: Called Strike
0-2: Ball
1-2: Foul Ball, location: 2F
1-2: Foul Ball, location: 2F
1-2: Foul Ball, location: 2F
1-2: Foul Ball, location: 2F
1-2: Foul Ball, location: 2F
1-2: Ground out 4-3 (Groundball, 4)
Bottom of the 6th over - 4 run(s), 4 hit(s), 0 error(s), 1 left on base; Bismarck 2 - Culver City 4
TOP OF THE 7TH
Bismarck Barons batting - Pitching for Culver City Extras : RHP Vincent Cox
Pitching: RHP Álex Villegas
Batting: RHB Ed Terry 0-0: DOUBLE (Flyball, 78M)
Batting: SHB Chris Griffith 0-0: Ball
1-0: Called Strike
1-1: Called Strike
1-2: Ball
2-2: Ground out 1-3 (Groundball, 13)
Ed Terry to third
Batting: RHB Miguel Hernández 0-0: Swinging Strike
0-1: Ball
1-1: Ball
2-1: Foul Ball, location: 2F
2-2: Ball
3-2: SINGLE (Line Drive, 6M)
Ed Terry scores
Batting: RHB Paul Ladd 0-0: Called Strike
0-1: Called Strike
0-2: Ball
Miguel Hernández steals 2nd base
1-2: Ball
2-2: Strikes out looking
Batting: RHB Nobuharu Hoshino 0-0: Called Strike
0-1: Swinging Strike
0-2: Ball
1-2: Ball
2-2: Hit by Pitch
Batting: RHB Jorge Espinosa 0-0: Called Strike
0-1: Ball
1-1: Called Strike
1-2: Foul Ball, location: 2F
1-2: Ball
2-2: Ball
3-2: Strikes out looking
Top of the 7th over - 1 run(s), 2 hit(s), 0 error(s), 2 left on base; Bismarck 3 - Culver City 4
BOTTOM OF THE 7TH
Culver City Extras batting - Pitching for Bismarck Barons : RHP Pedro Lara
Pitching: RHP Felix Carrado
Batting: RHB José Toro 0-0: Fly out, F8 (Flyball, 8RM)
Batting: RHB Francisco Rodríguez 0-0: Called Strike
0-1: Ball
1-1: Swinging Strike
1-2: Foul Ball, location: 2F
1-2: Foul Ball, location: 2F
1-2: Strikes out swinging
Batting: LHB Alan Olson 0-0: Swinging Strike
0-1: Called Strike
0-2: Ball
1-2: Strikes out looking
Bottom of the 7th over - 0 run(s), 0 hit(s), 0 error(s), 0 left on base; Bismarck 3 - Culver City 4
TOP OF THE 8TH
Bismarck Barons batting - Pitching for Culver City Extras : RHP Álex Villegas
Now in CF: Oscar Rudd
Batting: SHB Lester Olsen 0-0: Foul Ball, location: 2F
0-1: Ball
1-1: Ball
2-1: Foul Ball, location: 2F
2-2: Strikes out swinging
Pitching: RHP Dale Downs
Batting: RHB Kiyomitsu Shinoda 0-0: Swinging Strike
0-1: Ball
1-1: Swinging Strike
1-2: Strikes out swinging
Batting: RHB Jack Bailey 0-0: Called Strike
0-1: Foul Ball, location: 2F
0-2: Ball
1-2: Ball
2-2: Strikes out swinging
Top of the 8th over - 0 run(s), 0 hit(s), 0 error(s), 0 left on base; Bismarck 3 - Culver City 4
BOTTOM OF THE 8TH
Culver City Extras batting - Pitching for Bismarck Barons : RHP Felix Carrado
Batting: RHB Sergio Pujols 0-0: Ball
1-0: Ball
2-0: Ball
3-0: Called Strike
3-1: Base on Balls
Pinch Hitting: LHB Stan Bates 0-0: Called Strike
0-1: Ball
1-1: Swinging Strike
1-2: Ball
2-2: Ball
3-2: Fielders Choice at 2nd, 6-4 (Groundball, 6M)
Pinch Hitting: LHB Jason Lambert 0-0: Called Strike
0-1: Foul Ball, location: 2F
0-2: Ball
1-2: Foul Ball, location: 2F
1-2: Ball
2-2: 2-RUN HOME RUN (Flyball, 8RXD), Distance : 430 ft
Batting: RHB Ricardo Cabrera 0-0: Ball
1-0: Foul Ball, location: 2F
1-1: Foul Ball, location: 2F
1-2: Ball
2-2: Fly out, F7 (Line Drive, 78M)
Batting: RHB Salvador Medine 0-0: Called Strike
0-1: Ball
1-1: Foul Ball, location: 2F
1-2: Ball
2-2: Ball
3-2: Base on Balls
Batting: RHB Armando Pagán 0-0: Ball
Salvador Medine is caught stealing 2nd base
Bottom of the 8th over - 2 run(s), 1 hit(s), 0 error(s), 0 left on base; Bismarck 3 - Culver City 6
TOP OF THE 9TH
Bismarck Barons batting - Pitching for Culver City Extras : RHP Dale Downs
Pitching: RHP Armando Aguilar
Now at 1B: Stan Bates
Now in RF: Jason Lambert
Batting: RHB Ed Terry 0-0: Ball
1-0: Ball
2-0: Ball
3-0: Base on Balls
Batting: SHB Chris Griffith 0-0: Swinging Strike
0-1: Ball
1-1: Ball
2-1: Swinging Strike
2-2: Strikes out swinging
Batting: RHB Miguel Hernández 0-0: Swinging Strike
0-1: Swinging Strike
0-2: Ball
1-2: Ball
2-2: Foul Ball, location: 2F
2-2: Strikes out swinging
Batting: RHB Paul Ladd 0-0: Ball
1-0: Foul Ball, location: 2F
1-1: Foul Ball, location: 2F
1-2: Strikes out swinging
Top of the 9th over - 0 run(s), 0 hit(s), 0 error(s), 1 left on base; Bismarck 3 - Culver City 6
This league is powered by Out of the Park Baseball, the baseball management simulation game for PC, Mac and Linux
Wednesday, December 2nd, 2015 - OOTP Baseball 16.8 Build 38